 Dungeon Crawl Stone Soup version 0.31-a0-303-gdc8c9485ea (webtiles) character file.

Game seed: 14917596464766151533

1 Jeffwins the Stinger (level 1, 11/11 HPs)
             Began as an Octopode Wanderer on July 16, 2023.
             Quit the game on level 1 of the Dungeon.
             The game lasted 00:00:26 (54 turns).

Jeffwins the Stinger (Octopode Wanderer)              Turns: 54, Time: 00:00:27

Health: 11/11      AC:  1    Str: 12    XL:     1   Next: 20%
Magic:  2/2        EV: 13    Int: 14    God:
Gold:   0          SH:  4    Dex: 16    Spells: 1/2 levels left

rFire   . . .        e - +2 short sword (drain)
rCold   . . .        b - +0 buckler
rNeg    . . .        (helmet restricted)
rPois   .            (no amulet)
rElec   .            X - +6 ring of dexterity
rCorr   .            (no ring)
SInv    .            (no ring)
Will    .....        (no ring)
Stlth   ++           (no ring)
HPRegen 0.21/turn    (no ring)
MPRegen 0.08/turn    (no ring)
                     (no ring)

%: no passive effects
@: no status effects
A: almost no armour, amphibious, 8 rings, camouflage 1, gelatinous body 1,
(nimble swimmer 1), tentacles
a: no special abilities


You were on level 1 of the Dungeon.
You visited 1 branch of the dungeon, and saw 1 of its levels.


Innate Abilities, Weirdness & Mutations

You cannot wear most types of armour.
You are amphibious.
You can wear up to eight rings at the same time.
Your skin changes colour to match your surroundings (Stealth+).
Your rubbery body absorbs attacks. (AC +1, EV +1)
((You are camouflaged when in or above water. (Stealth+)))
You have tentacles for arms and can constrict up to eight enemies at once.


   Skills:
 - Level 2.0 Maces & Flails
 + Level 2.0 Dodging
 + Level 0.0 Stealth
 + Level 1.0 Shields
 + Level 1.0 Spellcasting
 + Level 3.6 Poison Magic
 + Level 1.0 Invocations


You had one spell level left.
You knew the following spells:

 Your Spells              Type           Power      Damage    Failure   Level
z - Sting                 Tmut/Pois      20%        1d4       17%         1

Your spell library contained the following spells:

 Spells                   Type           Power      Damage    Failure   Level
 Poisonous Vapours        Pois/Air       10%        N/A       26%         2
 Mephitic Cloud           Conj/Pois/Air  4%         N/A       56%         3

Inventory:

Hand Weapons
 a - a +0 mace
 e - a +2 short sword of draining (weapon)
Armour
 b - a +0 buckler (worn)
Jewellery
 X - a +6 ring of dexterity (left tentacle)
Potions
 c - a potion of lignification {!q}
 d - a potion of curing {unknown}

Dungeon Overview and Level Annotations

Branches:
Dungeon (1/15)

Altars:

. ##.......# ..
##........#
#..#..#.######
#......# ####.##..#
#.......## #
#.#####.#
###..#.### #.#
.......@.###.####.#
.#.....#.......$..#
.......#####.##.###
.###.#. #.# # #.#.
#.# # #. ..# ## ###


There were no monsters in sight!


Message History

You feel agile.
X - a +6 ring of dexterity (left tentacle)
d - a purple potion
Found 5 gold pieces.
A kobold comes into view.
It is wielding a +2 short sword of draining.
A kobold is nearby!
A kobold is nearby!
The helpless kobold fails to defend itself.
You hit the kobold.
You kill the kobold!
No target in view!
No target in view!
No target in view!
No target in view!
No target in view!
No target in view!
No target in view!
No target in view!
No target in view!
No target in view!
No target in view!
No target in view!
No target in view!
No target in view!
No target in view!
No target in view!
You see here a +2 short sword of draining.
You sense an unholy aura.
e - a +2 short sword of draining (weapon)
Are you sure you want to abandon this character and quit the game? (Confirm with "yes".)

Action                     || total
---------------------------++-------
  Melee: Mace              ||     1
   Stab: Sleeping          ||     1

Levels and vault maps discovered:
D:1:      psy_arrival_dodecagon, layout_loops_corners, roderic_lattice_a

Notes
Turn   | Place    | Note
-------+----------+-------------------------------------------
     0 | D:1      | Jeffwins the Octopode Wanderer began the quest for the Orb.
     0 | D:1      | Jeffwins set off with the following items: a +0 mace, a +0
                  | buckler, a potion of lignification {!q}; and the following
                  | spell memorised: Sting; and the following spells available
                  | to memorise: Poisonous Vapours, Mephitic Cloud.
     0 | D:1      | Reached XP level 1. HP: 11/11 MP: 2/2
    54 | D:1      | Quit the game

Vanquished Creatures
  A kobold (D:1)
1 creature vanquished.

Table legend: (Time is in decaauts)
 A = Elapsed time spent in this place.
 B = Non-inter-level travel time spent in this place.
 C = Inter-level travel time spent in this place.
 D = Time resting spent in this place.
 E = Time spent auto-exploring this place.
 F = Levels seen in this place.
 G = Mean time per level.
                   A        B        C        D        E       F      G
               +--------+--------+--------+--------+--------+-----+--------+
         Total |     53 |     53 |      0 |      0 |     42 |   1 |   53.0 |
       Dungeon |     53 |     53 |      0 |      0 |     42 |   1 |   53.0 |
               +--------+--------+--------+--------+--------+-----+--------+

Top non-repeatable levels by time:
     D:1: 53 daAuts

Table legend:
 A = Non-vault XP
 B = Vault XP
 C = Vault XP percentage of total XP
 D = Non-vault monster count
 E = Vault monster count
 F = Vault count percentage of total count
                 A         B        C        D         E       F
            +---------+---------+-------+---------+---------+-------
      Total |       2 |       0 |   0.0 |       1 |       0 |   0.0
            +---------+---------+-------+---------+---------+-------
        D:1 |       2 |       0 |   0.0 |       1 |       0 |   0.0
            +---------+---------+-------+---------+---------+-------
